Map: Tempestad

Players

MrFercho

  • Race: Zerg Zerg
  • League: Silver
  • Spawn Location: 1:00

TATORREA

  • Race: Protoss Protoss
  • League: Silver
  • Spawn Location: 11:00

tigro - Winner!

  • Race: Terran Terran
  • Spawn Location: 5:00

VOD

Have the link to the VOD?

Description

Time

  • Played on: May 7, 2020, 9:14 p.m.
  • Length: 24:32
Show
View Real Time Build Order
Export as new Build Order

MrFercho Zerg 

Build Orders: Pool First 

Get SALT Encoding   

  12  0:02  Drone  
  13  0:24  Drone  
  14  0:33  Spawning Pool  
  13  0:43  Drone  
  14  0:53  Overlord  
  14  1:13  Drone x2  
  14  1:15  Drone  
  17  1:31  Drone  
  18  1:40  Hatchery  
  17  2:02  Drone x2  
  17  2:03  Drone  
  20  2:26  Roach Warren  
  20  2:29  Extractor  
  18  2:31  Queen  
  18  2:32  Extractor  
  18  2:41  Drone x3  
  21  2:56  Drone  
  22  3:06  Drone  
  23  3:14  Drone  
  23  3:15  Drone x2  
  26  3:35  Queen  
  28  3:47  Hatchery  
  27  3:51  Metabolic Boost  
  27  3:52  Hatchery  
  26  4:01  Evolution Chamber  
  26  4:10  Drone x2  
  26  4:11  Drone  
  26  4:12  Overlord x2  
  28  4:30  Zerg Ground Armor Level 1  
  28  4:33  Lair  
  28  5:02  Drone x3  
  31  5:17  Roach x3  
  31  5:18  Roach x7  
  51  5:36  Drone  
  51  5:37  Drone  
  51  5:39  Extractor x2  
  51  5:41  Drone x3  
  54  5:45  Drone x2  
  56  6:01  Tunneling Claws  
  56  6:12  Overlord x2  
  56  6:32  Burrow  
  38  7:19  Zergling x14  
  38  7:20  Zergling x4  
  45  7:33  Infestation Pit  
  44  7:42  Queen  
  46  7:44  Spore Crawler  
  46  7:46  Drone x3, Spore Crawler  
  47  8:07  Hatchery  
  37  8:42  Zerg Missile Weapons Level 1  
  37  8:56  Infestor x2  
  37  8:57  Infestor  
  43  9:04  Neural Parasite  
  43  9:15  Hive  
  43  9:27  Spire  
  42  9:39  Hydralisk Den  
  41  9:53  Drone x3  
  44  10:01  Drone x7  
  44  10:02  Drone x8  
  59  10:21  Glial Reconstitution  
  59  10:23  Unknown  
  59  10:32  Drone x3  
  59  10:33  Queen  
  64  10:36  Zerg Melee Weapons Level 1  
  64  10:56  Mutalisk  
  64  10:57  Mutalisk x5  
  76  11:05  Overlord x3  
  76  11:06  Overlord x2  
  76  11:42  Pathogen Glands  
  72  12:51  Mutalisk x11  
  66  12:52  Mutalisk  
  90  13:08  Zergling x16  
  62  16:08  Hydralisk x10  
  62  16:09  Hydralisk x11  
  104  16:51  Grooved Spines  
  104  16:53  Zerg Melee Weapons Level 2  
  104  17:03  Zerg Flyer Weapons Level 1  
  104  17:09  Spire  
  63  17:38  Zergling x2  
  63  17:39  Zergling x30  
  63  17:40  Zergling x10  
  82  18:03  Muscular Augments  
  66  18:51  Corruptor x10  
  81  18:57  Zerg Flyer Armor Level 1  
  81  19:01  Extractor  
  81  19:02  Extractor  
  79  19:09  Zerg Missile Weapons Level 2  
  79  19:13  Greater Spire  
  79  20:07  Infestor x2  
  79  20:08  Infestor  
  85  20:32  Zerg Flyer Weapons Level 2  
  85  20:40  Brood Lord  
  79  21:03  Infestor  
  79  21:04  Infestor  
  69  21:16  Infestor x2  
  65  21:23  Infestor  
  65  21:24  Zerg Ground Armor Level 2  
  59  22:23  Corruptor x9  
  59  22:24  Corruptor  
  79  23:04  Extractor x2  
  77  23:07  Brood Lord x2  
  81  23:20  Zergling x2  
  81  23:21  Zergling x28  
Show
View Real Time Build Order
Export as new Build Order

TATORREA Protoss 

Build Orders:  

Get SALT Encoding   

  12  0:01  Probe  
  13  0:22  Probe  
  13  0:23  Pylon  
  14  0:34  Probe  
  15  0:48  Gateway  
  15  0:49  Probe  
  16  0:51  Assimilator  
  16  1:04  Probe  
  16  1:06  Gateway  
  17  1:16  Probe  
  18  1:32  Probe  
  19  1:44  Probe  
  20  1:59  Cybernetics Core  
  20  2:24  Pylon  
  20  2:25  Probe  
  20  2:28  Pylon  
  21  2:31  Pylon  
  21  2:37  Probe  
  21  2:38  Stalker  
  23  2:51  Assimilator  
  23  2:53  Probe  
  24  3:00  Warp Gate  
  24  3:03  Zealot  
  26  3:10  Probe  
  27  3:22  Stalker, Probe  
  30  3:30  Stalker  
  30  3:34  Probe  
  33  3:58  Forge  
  33  4:00  Assimilator  
  33  4:02  Assimilator, Stargate  
  33  4:12  Probe  
  34  4:24  Probe  
  35  4:32  Nexus  
  35  4:40  Probe  
  35  4:41  Robotics Facility  
  36  4:55  Protoss Air Weapons Level 1  
  36  5:04  Probe  
  36  5:05  Pylon  
  37  5:08  Pylon  
  37  5:13  Pylon  
  37  5:22  Probe  
  37  5:25  Stalker  
  37  5:26  Oracle  
  44  5:35  Probe  
  44  5:48  Stalker  
  46  5:50  Zealot  
  48  6:00  Probe  
  48  6:03  Oracle  
  53  6:04  Probe  
  53  6:13  Probe  
  53  6:16  Probe  
  55  6:25  Probe  
  56  6:28  Probe  
  57  6:37  Probe  
  58  6:49  Probe  
  58  6:51  Void Ray  
  55  6:59  Stalker x2  
  53  7:20  Probe  
  54  7:23  Probe  
  55  7:32  Probe  
  55  7:35  Probe  
  57  7:44  Void Ray  
  61  8:01  Robotics Bay  
  61  8:03  Fleet Beacon  
  61  8:06  Twilight Council  
  61  8:08  Pylon  
  61  8:21  Nexus  
  61  8:24  Assimilator  
  58  8:51  Void Ray  
  58  8:53  Colossus  
  68  9:01  Extended Thermal Lance  
  68  9:04  Unknown  
  68  9:05  Protoss Ground Weapons Level 1  
  68  9:09  Charge  
  68  9:21  Pylon  
  68  9:29  Pylon  
  68  9:33  Pylon  
  68  9:37  Pylon  
  68  9:46  Colossus  
  68  9:49  Gateway  
  68  9:51  Gateway  
  74  9:54  Gateway  
  74  9:57  Gateway, Probe  
  75  10:00  Gateway  
  75  10:03  Gateway  
  75  10:05  Probe  
  76  10:07  Gateway  
  76  10:09  Probe  
  76  10:10  Gateway, Probe  
  76  10:13  Assimilator  
  78  10:16  Stalker  
  78  10:17  Probe  
  81  10:21  Probe  
  81  10:22  Probe  
  83  10:29  Probe  
  83  10:33  Probe  
  83  10:35  Probe  
  86  10:41  Probe  
  87  10:45  Probe  
  87  10:47  Probe  
  87  10:53  Probe  
  87  10:59  Probe  
Show
View Real Time Build Order
Export as new Build Order

tigro Terran - Winner!

Build Orders:  

Get SALT Encoding   

  12  0:02  SCV  
  13  0:14  SCV  
  14  0:22  Supply Depot  
  14  0:26  SCV  
  15  0:41  Refinery  
  15  0:44  SCV  
  16  0:56  SCV  
  17  1:01  Barracks  
  17  1:08  SCV  
  18  1:16  Refinery  
  18  1:20  SCV  
  19  1:32  SCV  
  20  1:40  Supply Depot  
  20  1:44  SCV  
  21  1:50  Marine  
  22  1:57  SCV  
  23  2:08  Marine  
  23  2:09  SCV  
  25  2:16  Barracks  
  25  2:21  SCV  
  26  2:26  Marine  
  27  2:36  Engineering Bay  
  27  2:44  Marine  
  28  3:02  Marine  
  28  3:04  Barracks Tech Lab  
  29  3:11  Orbital Command  
  29  3:28  Barracks Tech Lab  
  29  3:30  Marauder  
  31  3:36  Factory  
  31  3:52  Marauder  
  31  3:54  Combat Shield  
  33  4:00  Stimpack  
  33  4:03  Command Center  
  33  4:13  Marauder  
  35  4:17  Marine  
  36  4:25  Factory Tech Lab  
  36  4:34  Marauder  
  36  4:35  Marine  
  39  5:03  Marauder, Marine  
  42  5:08  Missile Turret  
  42  5:20  Terran Infantry Weapons Level 1  
  42  5:21  Marine  
  43  5:24  Command Center  
  43  5:33  Missile Turret  
  43  5:38  Marine, Planetary Fortress  
  43  5:39  Concussive Shells  
  44  5:48  Siege Tank  
  47  6:24  Armory  
  47  6:51  Planetary Fortress  
  47  7:13  Starport  
  47  7:14  Terran Infantry Armor Level 1  
  47  7:21  Marine  
  48  7:37  SCV  
  48  7:39  Marine  
  50  7:49  SCV  
  50  7:50  Missile Turret  
  51  7:57  Marine  
  52  8:01  SCV  
  53  8:10  Medivac  
  53  8:11  Starport  
  55  8:13  SCV  
  55  8:14  Marine  
  55  8:16  Marauder  
  55  8:17  Missile Turret  
  59  8:25  SCV  
  60  8:32  Marine  
  61  8:38  Thor  
  61  8:40  Missile Turret  
  67  8:41  Terran Vehicle Weapons Level 1  
  67  8:49  SCV  
  68  8:59  Refinery, Starport Tech Lab  
  68  9:01  SCV, Starport Tech Lab  
  69  9:08  Hi-Sec Auto Tracking  
  69  9:14  SCV  
  69  9:16  Missile Turret  
  70  9:31  Fusion Core  
  70  9:38  Missile Turret  
  70  10:02  Missile Turret  
  70  10:05  Terran Infantry Weapons Level 2  
  70  10:31  Supply Depot, Refinery  
  70  10:33  Weapon Refit  
  70  10:36  Terran Ship Weapons Level 1  
  70  10:41  Missile Turret  
  70  10:45  Marauder  
  72  10:54  Supply Depot  
  72  11:02  Missile Turret  
  72  11:18  Supply Depot  
  72  11:20  Battlecruiser  
  78  11:39  Battlecruiser  
  84  12:04  Missile Turret  
  84  12:06  Refinery  
  84  12:21  Terran Infantry Armor Level 2  
  84  12:24  Missile Turret  
  84  12:30  Terran Vehicle And Ship Armor Level 1  
  84  12:45  Missile Turret  
  84  13:08  Missile Turret  
  84  13:27  Battlecruiser  
  84  13:29  Battlecruiser  
  96  13:41  Missile Turret  
  95  14:02  Missile Turret  
  92  14:25  Missile Turret  
  92  14:42  Battlecruiser  
  98  15:56  Missile Turret  
  98  16:12  Barracks Tech Lab  
  98  16:15  Starport Tech Lab  
  98  16:18  Starport Tech Lab  
  98  16:20  Missile Turret  
  98  17:17  Supply Depot  
  98  17:35  Marine  
  92  17:39  Siege Tank  
  94  17:53  Marine  
  95  18:09  Command Center  
  95  18:11  Marine, Siege Tank  
  97  19:29  Planetary Fortress  
  97  19:35  Supply Depot  
  97  19:39  Refinery  
  97  19:59  Supply Depot  
  97  20:01  Refinery  
  97  20:15  Rapid Reignition System  
  97  20:19  Corvid Reactor  
  97  20:22  Supply Depot, Terran Infantry Weapons Level 3  
  97  20:25  Terran Vehicle Weapons Level 2  
  97  20:44  Marine  
  97  20:45  Supply Depot  
  98  20:50  Battlecruiser  
  98  21:02  Marine  
  99  21:07  Supply Depot  
  99  21:12  Advanced Ballistics  
  99  21:33  Supply Depot  
  99  21:35  Missile Turret  
  99  21:37  Cloaking Field, Raven  
  101  22:20  Battlecruiser  
  107  22:46  Battlecruiser  
  107  22:50  Missile Turret  
  113  23:11  Missile Turret  
  113  23:15  Thor  
  119  23:24  Battlecruiser  
  125  23:33  Missile Turret  
  131  24:08  Missile Turret  
Tags
 
Add a new tag
Caveats
  • Supply blocks, unpowered buildings, or Contaminate may cause inaccurate times.
  • Supply counts are checked every 10 seconds.